 Dungeon Sprint DCSS version 0.17-a0-1210-g1e4f09d (webtiles) character file.

9701 Kidiri the Unseen (level 11, -1/63 (64) HPs)
             Began as a Spriggan Assassin on June 3, 2015.
             Was the Champion of Dithmenos.
             Slain by a 12-headed hydra (15 damage)
             ... while paralysed by a giant eyeball
             ... in the Dungeon (Sprint I: "Red Sonja") on June 4, 2015.
             The game lasted 00:23:14 (3425 turns).

Kidiri the Unseen (Spriggan Assassin)               Turns: 3425, Time: 00:23:15

HP:   -1/63 (64)    AC:  6    Str:  7    XL:     11   Next: 26%
MP:   15/15         EV:  4    Int: 21    God:    Dithmenos [******]
Gold: 83            SH:  0    Dex: 23    Spells: 1 memorised, 12 levels left

rFire  + . .     SeeInvis +     u - +0 rapier
rCold  . . .     Clarity  .     q - +0 robe of the Demon Prince {rF+ Int+3 Dex+2}
rNeg   . . .     SustAt   .     (shield restricted)
rPois  .         Gourm    .     (helmet restricted)
rElec  .         Spirit   .     w - +3 cloak of Kipsig {Int+5}
rCorr  .         Warding  .     (gloves unavailable)
rMut   .         NoTele   +     (boots unavailable)
MR     +....                    (no amulet)
Stlth  ++++++++++               (no ring)
                                (no ring)

@: paralysed, wreathed by umbra, very quick, somewhat resistant to hostile
enchantments, uncannily stealthy
A: unfitting armour, see invisible, herbivore 3, speed 3, slow metabolism 2
a: Shadow Step, Shadow Form, Renounce Religion


You were in the Dungeon.
You worshipped Dithmenos.
Dithmenos was exalted by your worship.
You were hungry.

You visited 1 branch You collected 1518 gold pieces.
You spent 1435 gold pieces at shops.

Inventory:

Hand weapons
 a - a +2 dagger
 b - a +0 blowgun
 t - a +1 dagger of venom
 u - a +0 rapier (weapon)
Missiles
 e - 21 poisoned needles
 f - 9 curare-tipped needles
Armour
 c - a +1 robe of magic resistance
 q - the +0 robe of the Demon Prince (worn) {rF+ Int+3 Dex+2}
   (You bought it in a shop in the Dungeon)

   It affects your intelligence (+3).
   It affects your dexterity (+2).
   It protects you from fire.
 w - the +3 cloak of Kipsig (worn) {Int+5}
   (You bought it in a shop in the Dungeon)

   It affects your intelligence (+5).
Magical devices
 r - a wand of digging (6)
Scrolls
 h - a scroll of immolation
 l - a scroll of blinking
 m - 2 scrolls of identify
Potions
 i - 2 potions of curing
 j - a potion of haste
 k - 2 potions of magic
 n - a potion of cure mutation
 p - a potion of brilliance
Books
 d - a book of Maledictions

   Spells                             Type                      Level
   a - Corona                         Hexes                        1
   b - Ensorcelled Hibernation        Hexes/Ice                    2
   c - Confuse                        Hexes                        3
   d - Tukima's Dance                 Hexes                        3
   e - Dazzling Spray                 Conjuration/Hexes            3


   Skills:
 * Level 10.7 Fighting
 * Level 13.3 Short Blades
 * Level 13.4 Throwing
 * Level 16.6 Dodging
 * Level 18.4 Stealth
 + Level 2.1 Spellcasting
 + Level 2.1 Hexes
 + Level 1.2 Ice Magic
 + Level 2.1 Invocations
 + Level 2.9 Evocations


You had 12 spell levels left.
You knew the following spells:

 Your Spells              Type           Power        Failure   Level  Hunger
a - Ensorcelled Hibernat  Hex/Ice        #.....       12%         2    ##.....


Dungeon Overview and Level Annotations

Branches:
Dungeon (1/1)

Altars:
Cheibriados
Dithmenos
Elyvilon
Fedhas
Gozag
Kikubaaqudgha
Makhleb
Nemelex Xobeh
Okawaru
Qazlal
Ru
Sif Muna
Trog
Vehumet
Xom
Yredelemnul
Zin
The Shining One
Jiyva

Shops:
D ([[?**?[*:%:[([[*


Innate Abilities, Weirdness & Mutations

You are tiny and cannot use many weapons and most armour.
You have supernaturally acute eyesight.
You are a herbivore.
You cover ground extremely quickly.
You need consume almost no food.


Message History

You hit the 12-headed hydra.
The 12-headed hydra is lightly wounded.
The 12-headed hydra misses you. x2
The 12-headed hydra barely misses you. The 12-headed hydra closely misses you.
The 12-headed hydra completely misses you. x3
The 12-headed hydra closely misses you. x2
The 12-headed hydra completely misses you.
The 12-headed hydra bites you! The 12-headed hydra bites you.
You are feeling hungry.
The giant eyeball gazes at you.
You suddenly lose the ability to move!
The 12-headed hydra barely misses you.
The 12-headed hydra bites you but does no damage.
The 12-headed hydra bites you. x3
The 12-headed hydra bites you but does no damage.
The 12-headed hydra barely misses you. The 12-headed hydra bites you!
The 12-headed hydra bites you!
* * * LOW HITPOINT WARNING * * *
The 12-headed hydra bites you!
You die...

######################
)..#.)#§§.§§§§§§@D§.$#
)..##'#§####.§§§§##G.+
...'.§#§# ##§§§## ###
####..'§# ###+#
..##+#### ..# ..#
#'### #.'.#


You could see a 12-headed hydra.

Vanquished Creatures
  2 centaur warriors (D)
  Sonja (D)
  2 unseen horrors (D)
  A deep troll (D)
  A lindwurm (D)
  An oklob plant (D)
  2 kobold demonologists (D)
  4 demonic crawlers (D)
  A slime creature (D)
  Sigmund (D)
  4 trapdoor spiders (D)
  A yak (D)
  13 hogs (D)
  7 necrophages (D)
  A wasp (D)
  An ogre (D)
  8 jellies (D)
  Ijyb (D)
  2 giant eyeballs (D)
  A giant spore (D)
  4 ballistomycetes (D)
59 creatures vanquished.

Vanquished Creatures (others)
  A giant spore (D)
1 creature vanquished.

Grand Total: 60 creatures vanquished

Notes
Turn   | Place    | Note
--------------------------------------------------------------
     0 | D        | Kidiri the Spriggan Assassin began the quest for the Orb.
     0 | D        | Reached XP level 1. HP: 10/10 MP: 2/2
     3 | D        | Noticed Ijyb
    27 | D        | Killed Ijyb
    27 | D        | Reached skill level 7 in Stealth
    27 | D        | Reached XP level 2. HP: 8/16 MP: 3/3
   186 | D        | Noticed an ogre
   207 | D        | Killed an ogre
   207 | D        | Reached skill level 5 in Dodging
   207 | D        | Reached skill level 8 in Stealth
   207 | D        | Reached XP level 3. HP: 8/21 MP: 4/4
   207 | D        | Reached XP level 4. HP: 9/25 MP: 5/5
   416 | D        | Noticed Sigmund
   419 | D        | Killed Sigmund
   419 | D        | Reached skill level 5 in Short Blades
   419 | D        | Reached skill level 10 in Stealth
   419 | D        | Reached XP level 5. HP: 28/30 MP: 6/6
   443 | D        | Found a snail-covered altar of Cheibriados.
   443 | D        | Found a viscous altar of Jiyva.
   443 | D        | Found a shadowy altar of Dithmenos.
   443 | D        | Found a blossoming altar of Fedhas.
   443 | D        | Noticed a slime creature
   446 | D        | Killed a slime creature
   446 | D        | Reached skill level 5 in Fighting
   446 | D        | Reached skill level 11 in Stealth
   446 | D        | Reached XP level 6. HP: 33/35 MP: 7/7
   448 | D        | Became a worshipper of Dithmenos the Shadowed
   578 | D        | Found a deep blue altar of Sif Muna.
   578 | D        | Noticed a jelly
   580 | D        | Found a radiant altar of Vehumet.
   584 | D        | Killed a jelly
   624 | D        | Found Fasajeq's Armour Emporium.
   624 | D        | Found a white marble altar of Elyvilon.
   624 | D        | Found a stormy altar of Qazlal.
   624 | D        | Found a burning altar of Makhleb.
   624 | D        | Found a sacrificial altar of Ru.
   624 | D        | Found a basalt altar of Yredelemnul.
   624 | D        | Found a glowing golden altar of the Shining One.
   624 | D        | Found a sparkling altar of Nemelex Xobeh.
   624 | D        | Found a shimmering altar of Xom.
   624 | D        | Found an opulent altar of Gozag.
   624 | D        | Found an ancient bone altar of Kikubaaqudgha.
   624 | D        | Found a glowing silver altar of Zin.
   624 | D        | Noticed a yak
   625 | D        | Found an iron altar of Okawaru.
   626 | D        | Killed a yak
   626 | D        | Reached skill level 10 in Dodging
   626 | D        | Reached skill level 12 in Stealth
   626 | D        | Reached XP level 7. HP: 40/40 MP: 8/8
   627 | D        | Found a bloodstained altar of Trog.
   642 | D        | Noticed Sonja
   646 | D        | Killed Sonja
   646 | D        | Reached skill level 13 in Stealth
   646 | D        | Reached XP level 8. HP: 43/46 MP: 9/9
   673 | D        | Found Fegiekle's Antique Weapon Boutique.
   681 | D        | Bought a glowing dagger for 56 gold pieces
   681 | D        | Bought a rapier for 112 gold pieces
   696 | D        | Noticed a deep troll
   700 | D        | Killed a deep troll
   700 | D        | Reached skill level 14 in Stealth
   710 | D        | Found Pasm's Armour Emporium.
   741 | D        | Noticed a centaur warrior
   743 | D        | Noticed a centaur warrior
   745 | D        | Killed a centaur warrior
   745 | D        | Reached skill level 10 in Short Blades
   745 | D        | Reached skill level 10 in Throwing
   745 | D        | Reached XP level 9. HP: 49/51 MP: 10/10
   747 | D        | Killed a centaur warrior
   747 | D        | Acquired Dithmenos's first power
   747 | D        | Reached skill level 15 in Stealth
   757 | D        | Noticed a wasp
   760 | D        | Killed a wasp
   772 | D        | Noticed an oklob plant
   774 | D        | Killed an oklob plant
   782 | D        | Noticed a trapdoor spider
   784 | D        | Noticed a trapdoor spider
   787 | D        | Noticed a trapdoor spider
   794 | D        | Killed a trapdoor spider
   794 | D        | Reached skill level 16 in Stealth
   800 | D        | Noticed a trapdoor spider
   808 | D        | Killed a trapdoor spider
  1115 | D        | Killed a trapdoor spider
  1115 | D        | Acquired Dithmenos's second power
  1115 | D        | Reached XP level 10. HP: 47/58 MP: 11/11
  1289 | D        | Killed a trapdoor spider
  1337 | D        | Noticed an unseen horror
  1338 | D        | Noticed an unseen horror
  1401 | D        | Killed an unseen horror
  1697 | D        | Killed an unseen horror
  1697 | D        | Reached skill level 15 in Dodging
  1761 | D        | Noticed a jelly
  1761 | D        | Noticed a jelly
  1761 | D        | Noticed a jelly
  1761 | D        | Noticed a jelly
  1761 | D        | Noticed a jelly
  1761 | D        | Noticed a jelly
  1761 | D        | Noticed a jelly
  1763 | D        | Killed a jelly
  1763 | D        | Reached skill level 17 in Stealth
  1764 | D        | Killed a jelly
  1765 | D        | Noticed a necrophage
  1765 | D        | Noticed a necrophage
  1765 | D        | Noticed a necrophage
  1766 | D        | Killed a jelly
  1766 | D        | Acquired Dithmenos's third power
  1767 | D        | Noticed a necrophage
  1767 | D        | Noticed a necrophage
  1792 | D        | Killed a jelly
  1875 | D        | Killed a necrophage
  1883 | D        | Killed a necrophage
  1931 | D        | Killed a jelly
  2040 | D        | Killed a jelly
  2239 | D        | Noticed a shining eye
  2246 | D        | Killed a jelly
  2246 | D        | Acquired Dithmenos's fourth power
  2645 | D        | Found Zedoj's Magic Scroll Shoppe.
  2645 | D        | Noticed a necrophage
  2647 | D        | Found Agyalip's Antique Weapon Boutique.
  2648 | D        | Noticed a necrophage
  2649 | D        | Killed a necrophage
  2651 | D        | Killed a necrophage
  2652 | D        | Killed a necrophage
  2654 | D        | Got a polished whip
  2655 | D        | Identified the +5 whip "Eskaicw" {vamp, rC+} (You found it in the Dungeon)
  2665 | D        | Found Yque's Assorted Antiques.
  2670 | D        | Found Tefof's Antique Armour Shop.
  2673 | D        | Found Xuon's General Store.
  2673 | D        | Found Peunk's Magic Scroll Shop.
  2673 | D        | Found Liaschioto's Antique Armour Shoppe.
  2673 | D        | Found Beerurri's Assorted Antiques.
  2673 | D        | Found Ympuar's Book Emporium.
  2673 | D        | Found Isayrytt's Food Shop.
  2673 | D        | Found Sijinus's Book Shoppe.
  2691 | D        | Killed a necrophage
  2693 | D        | Found Epruep's Armour Boutique.
  2710 | D        | Killed a necrophage
  2711 | D        | Found Piudwe's Armour Emporium.
  2712 | D        | Found Vyqonu's Assorted Antiques.
  2727 | D        | Bought a scroll of identify for 28 gold pieces
  2727 | D        | Bought a scroll of identify for 28 gold pieces
  2727 | D        | Bought a scroll of identify for 28 gold pieces
  2734 | D        | Bought a scroll of blinking for 195 gold pieces
  2735 | D        | Bought a scroll of identify for 28 gold pieces
  2737 | D        | Bought a scroll of identify for 22 gold pieces
  2737 | D        | Bought a scroll of identify for 22 gold pieces
  2739 | D        | Bought a steaming robe for 125 gold pieces
  2749 | D        | Identified the +0 robe of the Demon Prince {rF+ Int+3 Dex+2} (You bought it in a shop in the Dungeon)
  2750 | D        | Bought a scroll of identify for 54 gold pieces
  2754 | D        | Bought the +3 cloak of Kipsig {Int+5} for 370 gold pieces
  2766 | D        | Bought a runed dagger for 42 gold pieces
  2843 | D        | Noticed a kobold demonologist
  2844 | D        | Noticed a kobold demonologist
  2856 | D        | Noticed a soul eater
  2866 | D        | Paralysed by a giant eyeball for 3 turns
  2869 | D        | Killed a kobold demonologist
  2869 | D        | Reached skill level 10 in Fighting
  2876 | D        | Paralysed by a giant eyeball for 3 turns
  2881 | D        | Killed a kobold demonologist
  2954 | D        | Noticed a demonic crawler
  2954 | D        | Noticed a demonic crawler
  2954 | D        | Noticed a demonic crawler
  2954 | D        | Noticed a demonic crawler
  2956 | D        | Killed a demonic crawler
  2957 | D        | Killed a demonic crawler
  2959 | D        | Killed a demonic crawler
  2960 | D        | Killed a demonic crawler
  2960 | D        | Reached skill level 18 in Stealth
  2978 | D        | Noticed a lindwurm
  2980 | D        | Killed a lindwurm
  2980 | D        | Reached XP level 11. HP: 63/63 MP: 12/12
  3055 | D        | Bought a book of Maledictions for 325 gold pieces
  3058 | D        | Learned a level 2 spell: Ensorcelled Hibernation
  3131 | D        | Noticed a hog
  3131 | D        | Noticed a hog
  3131 | D        | Noticed a hog
  3131 | D        | Noticed a hog
  3131 | D        | Noticed a hog
  3131 | D        | Noticed a hog
  3132 | D        | Noticed a hog
  3132 | D        | Noticed a hog
  3132 | D        | Noticed a hog
  3132 | D        | Noticed a hog
  3132 | D        | Noticed a hog
  3132 | D        | Noticed a hog
  3133 | D        | Noticed a hog
  3147 | D        | Killed a hog
  3162 | D        | Killed a hog
  3162 | D        | Reached skill level 1 in Invocations
  3162 | D        | Reached skill level 1 in Evocations
  3172 | D        | Killed a hog
  3172 | D        | Reached skill level 1 in Hexes
  3190 | D        | Killed a hog
  3367 | D        | Killed a hog
  3367 | D        | Reached skill level 1 in Spellcasting
  3368 | D        | Killed a hog
  3369 | D        | Killed a hog
  3370 | D        | Killed a hog
  3371 | D        | Killed a hog
  3372 | D        | Killed a hog
  3372 | D        | Reached skill level 1 in Ice Magic
  3374 | D        | Killed a hog
  3376 | D        | Killed a hog
  3377 | D        | Killed a hog
  3417 | D        | Noticed a 12-headed hydra
  3423 | D        | Paralysed by a giant eyeball for 4 turns
  3425 | D        | Slain by a 12-headed hydra

Vault maps used:
D:        dungeon_sprint_1

Action                   |  1- 3 |  4- 6 |  7- 9 | 10-12 || total
-------------------------+-------+-------+-------+-------++-------
Melee: Dagger            |     2 |     4 |    38 |   180 ||   224
       Rapier            |       |       |       |   144 ||   144
 Fire: Blowgun           |    15 |       |       |    16 ||    31
       Shortbow          |       |       |       |     1 ||     1
Invok: Shadow Step       |       |       |       |     2 ||     2
  Use: Scroll            |       |       |       |     8 ||     8
       Potion            |       |       |       |     3 ||     3
 Stab: Sleeping          |     1 |     4 |     6 |    21 ||    32
  Eat: Bread ration      |       |       |       |     1 ||     1
